 Dungeon Crawl Stone Soup version 0.32-a0-128-g77eb882913 (console) character file.

Game seed: 5291398344058534312

115 zenocrate the Sneak (level 5, 0/32 HPs)
             Began as a Kobold Delver on Feb 7, 2024.
             Succumbed to an adder's poison
             ... on level 2 of the Dungeon.
             The game lasted 00:01:37 (695 turns).

zenocrate the Sneak (Kobold Delver)                  Turns: 695, Time: 00:01:37

Health: 0/32       AC:  3    Str: 10    XL:     5   Next: 20%
Magic:  5/5        EV: 15    Int: 11    God:
Gold:   127        SH:  0    Dex: 18    Spells: 4/4 levels left

rFire   . . .        a - +1 short sword
rCold   . . .        (no shield)
rNeg    . . .        b - +0 leather armour
rPois   .            (no helmet)
rElec   .            (no cloak)
rCorr   .            (no gloves)
SInv    .            (no boots)
Will    .....        (no amulet)
Stlth   +++++        (no ring)
HPRegen 0.25/turn    (no ring)
MPRegen 0.09/turn

%: no passive effects
@: lethally poisoned (0 -> -2)
A: small, no large weapons, nightstalker 3
a: no special abilities


You were on level 2 of the Dungeon.
You visited 1 branch of the dungeon, and saw 4 of its levels.

You collected 127 gold pieces.

Inventory:

Hand Weapons
 a - a +1 short sword (weapon)
Armour
 b - a +0 leather armour (worn)
Jewellery
 m - a +6 ring of dexterity
Wands
 g - a wand of digging (3)
Scrolls
 c - a scroll of fog
 d - a scroll of revelation
 h - a scroll of identify {unknown}
 i - a scroll of vulnerability {unknown}
 j - a scroll of enchant armour {unknown}
 k - a scroll of immolation {unknown}
 l - 2 scrolls of enchant weapon
Potions
 f - 2 potions of haste


   Skills:
 - Level 3.2 Fighting
 + Level 4.1 Short Blades
 + Level 3.8 Dodging
 + Level 7.5 Stealth
 + Level 1.6 Evocations


You had 4 spell levels left.
You didn't know any spells.
Your spell library was empty.

Dungeon Overview and Level Annotations

Branches:
Dungeon (5/15)
 Temple: D:4-7

Altars:


Innate Abilities, Weirdness & Mutations

You are small and have problems with some larger weapons.
You are completely attuned to the shadows.


Message History

You see here a +0 club.
You closely miss the hobgoblin. The hobgoblin closely misses you.
You closely miss the adder. The adder bites you. The hobgoblin misses you.
The adder misses you.
You closely miss the adder. The hobgoblin closely misses you.
The adder bites you.
You hit the hobgoblin.
The hobgoblin is almost dead.
The adder bites you.
You are poisoned.
The adder poisons you!
You hit the hobgoblin but do no damage.
The hobgoblin is almost dead.
You feel sick. The hobgoblin hits you. The adder bites you.
You are more poisoned.
The adder poisons you!
You are too injured to fight recklessly!
You are too injured to fight recklessly!
You barely miss the adder.
You feel sick. The hobgoblin hits you. The adder bites you.
* * * LOW HITPOINT WARNING * * *
Unknown command.
You hit the adder.
The adder is moderately wounded.
You feel sick. The hobgoblin closely misses you. The adder barely misses you.
Unknown command.
You hit the adder.
The adder is heavily wounded.
You feel sick. The adder bites you.
* * * LOW HITPOINT WARNING * * *
The hobgoblin misses you.
Unknown command.
Okay, then.
As you read the scroll of fear, it crumbles to dust.
You assume a fearsome visage.
The hobgoblin looks frightened!
The adder looks frightened!
* * * LOW HITPOINT WARNING * * *
You feel sick.
Unknown command.
Unknown command.
* * * LOW HITPOINT WARNING * * *
You feel sick.
Unknown command.
You die...

#.# #.# #.#
#.# #.# #.#
#.# #.# #.#
#.# #.# #.#
#.# .## #..
#.# ..# ##.
#.# #.# ##.
#)# #.#
#####.. #.#
#@### .......
#.# #...##
#####..
#.#######.).##
##.
#............#
#.
#########....#
#. ...#gS# #.
###...... #.
##.#.#. #.


There were no monsters in sight!

Vanquished Creatures
  2 hounds
  3 adders
  A dart slug (D:5)
  An orc (D:4)
  4 ball pythons
  A bat (D:2)
  An endoplasm (D:2)
  3 goblins (D:2)
  8 jackals
  A rat (D:2)
25 creatures vanquished.

Notes
Turn   | Place    | Note
-------+----------+-------------------------------------------
     0 | D:5      | zenocrate the Kobold Delver began the quest for the Orb.
     0 | D:5      | Reached XP level 1. HP: 14/14 MP: 1/1
    13 | D:5      | Noticed a hound
    23 | D:5      | Killed a hound
    24 | D:5      | Reached skill level 7 in Stealth
    24 | D:5      | Reached XP level 2. HP: 16/19 MP: 2/2
    24 | D:5      | Reached XP level 3. HP: 19/23 MP: 3/3
   181 | D:4      | Reached XP level 4. HP: 28/28 MP: 4/4
   239 | D:4      | Reached skill level 1 in Evocations
   329 | D:2      | Reached XP level 5. HP: 32/32 MP: 5/5
   694 | D:2      | HP: 1/32 [poisoned by an adder]
   695 | D:2      | Succumbed to an adder's poison

Illustrated notes

Levels and vault maps discovered:
D:2:      layout_loops_ring
D:3:      wander_river, layout_basic, grunt_decor_junction,
          minmay_misc_feat_rows
D:4:      layout_cave_pools, feat_on_display
D:5:      layout_rooms, serial_shops, nicolae_shop_rolling_square, minmay_holes

Skill      XL: |  1  2  3  4 |
---------------+-------------+-----
Short Blades   | 3 4 |  4.1
Dodging        | 3 |  3.8
Stealth        | 7 |  7.5
Evocations     | 1 |  1.6
Fighting       | |  3.2

Action                     |  1- 3 |  4- 6 || total
---------------------------+-------+-------++-------
  Melee: Short sword       |    17 |    65 ||    82
         Punch             |       |     4 ||     4
    Use: Scroll            |       |     2 ||     2
   Stab: Sleeping          |     6 |     3 ||     9
 Armour: Leather armour    |     5 |    27 ||    32
  Dodge: Dodged            |     7 |    71 ||    78

Table legend: (Time is in decaauts)
 A = Elapsed time spent in this place.
 B = Non-inter-level travel time spent in this place.
 C = Inter-level travel time spent in this place.
 D = Time resting spent in this place.
 E = Time spent auto-exploring this place.
 F = Levels seen in this place.
 G = Mean time per level.
                   A        B        C        D        E       F      G
               +--------+--------+--------+--------+--------+-----+--------+
         Total |    678 |    672 |      6 |      0 |    499 |   4 |  169.5 |
       Dungeon |    678 |    672 |      6 |      0 |    499 |   4 |  169.5 |
               +--------+--------+--------+--------+--------+-----+--------+

Top non-repeatable levels by time:
     D:2: 360 daAuts
     D:4: 147 daAuts
     D:5: 140 daAuts
     D:3: 29 daAuts
